 Dungeon Crawl Stone Soup version 0.24-a0-165-g1b465fe (webtiles) character file.

Game seed: 17895953214192642738

1 MatthieuS the Skirmisher (level 1, -1/13 HPs)
             Began as a Deep Elf Wanderer on Mar 6, 2019.
             Slain by a hobgoblin
             ... wielding a +0 club
              (3 damage)
             ... on level 1 of the Dungeon.
             The game lasted 00:01:02 (54 turns).

MatthieuS the Skirmisher (Deep Elf Wanderer)          Turns: 54, Time: 00:01:03

Health: -1/13      AC:  2    Str:  9    XL:     1   Next: 16%
Magic:  0/5        EV: 11    Int: 15    God:
Gold:   12         SH:  0    Dex: 15    Spells: 2/3 levels left

rFire    . . .     SeeInvis .   f - +0 dagger
rCold    . . .     Gourm    .   (no shield)
rNeg     . . .     Faith    .   d - +0 robe
rPois    .         Spirit   .   (no helmet)
rElec    .         Reflect  .   (no cloak)
rCorr    .         Harm     .   (no gloves)
MR       .....                  (no boots)
Stlth    ++........             (no amulet)
HPRegen  0.04/turn              (no ring)
MPRegen  0.09/turn              (no ring)

@: very slightly contaminated
A: no striking features
a: no special abilities


You were on level 1 of the Dungeon.
You were not hungry.

You visited 1 branch of the dungeon, and saw 1 of its levels.

You collected 12 gold pieces.

Inventory:

Hand Weapons
 f - a +0 dagger (weapon)
Armour
 d - a +0 robe (worn)
Potions
 c - a potion of lignification {!q}
Comestibles
 e - a ration


   Skills:
 - Level 2.4 Fighting
   Level 1.1 Bows
 - Level 1.0 Throwing
 - Level 1.0 Armour
 - Level 1.2 Stealth
 + Level 1.6 Spellcasting
 + Level 0.1 Conjurations
   Level 2.1 Translocations
 + Level 0.1 Fire Magic


You had 2 spell levels left.
You knew the following spells:

 Your Spells              Type           Power        Failure   Level  Hunger
a - Flame Tongue          Conj/Fire      #....        22%         1    ##.....

Your spell library contained the following spells:

 Spells                   Type           Power        Failure   Level  Hunger
 Blink                    Tloc           N/A          14%         2    ###....
 Shroud of Golubria       Chrm/Tloc      #.........   22%         2    ###....
 Gell's Gravitas          Tloc           #.........   28%         3    ####...
 Lesser Beckoning         Tloc           #.........   28%         3    ####...
 Teleport Other           Tloc           #.......     28%         3    ####...
 Ignite Poison            Fire/Tmut/Pois #.......     56%         3    ####...
 Passage of Golubria      Tloc           N/A          67%         4    #####..


Dungeon Overview and Level Annotations

Branches:
Dungeon (1/15)

Altars:


Message History

e - a ration;
f - a +0 dagger (weapon)
Welcome, MatthieuS the Deep Elf Wanderer.
Will you be the one to retrieve the fabulous Orb of Zot from the depths?
Found 12 gold pieces.
Found a staircase leading out of the dungeon.
You begin with the following items: a potion of lignification {!q}, a +0 robe, a ration, a +0 dagger; and the following spell memorised: Flame Tongue; and the following spells available to memorise: Blink, Shroud of Golubria, Gell's Gravitas, Lesser Beckoning, Teleport Other, Ignite Poison, Passage of Golubria.
Okay, then.
Okay, then.
Okay, then.
You now have 12 gold pieces.
You open the large door.
There is a large open door here.
Found a stone staircase leading down.
There is a stone staircase leading down here.
A jackal comes into view.
A jackal comes into view.
Found 3 gold pieces.
You can't see any susceptible monsters within range! (Use Z to cast anyway.)
A hobgoblin comes into view. It is wielding a +0 club.
The hobgoblin shouts!
The jackal barks! x2
Aim: a jackal The flame tongue hits the jackal.
The jackal barely misses you. The hobgoblin hits you with a +0 club.
Aim: a jackal (severely wounded)
The flame tongue misses the jackal.
The jackal bites you.
The jackal bites you but does no damage.
Aim: a jackal (severely wounded)
The flame tongue hits the jackal.
You kill the jackal!
The jackal barely misses you. The hobgoblin hits you with a +0 club.
* * * LOW HITPOINT WARNING * * *
The jackal bites you.
* * * LOW HITPOINT WARNING * * *
Aim: a hobgoblin, wielding a +0 club You miscast Flame Tongue.
You are very lightly contaminated with residual magic.
Your skin tingles.
The hobgoblin hits you with a +0 club.
* * * LOW HITPOINT WARNING * * *
Aim: a hobgoblin, wielding a +0 club The flame tongue hits the hobgoblin.
The hobgoblin hits you with a +0 club.
You die...

#...#.# #.#.#.# #.#.#.#
#.#...#. . #.#...#.#
...###.#...#.#
.......#h.h#.#
#...†..#g#.#
.........#@#.#
........##...############
........##..............#
........##..>##########.##
........##.### #..#
...#######.# ##.# ..$ #.#
#.## #.# #..# #.# ##.#


You could see a jackal and a hobgoblin.

Vanquished Creatures
  A jackal (D:1)
1 creature vanquished.

Notes
Turn   | Place    | Note
-------+----------+-------------------------------------------
     0 | D:1      | MatthieuS the Deep Elf Wanderer began the quest for the
                  | Orb.
     0 | D:1      | MatthieuS set off with the following items: a potion of
                  | lignification {!q}, a +0 robe, a ration, a +0 dagger; and
                  | the following spell memorised: Flame Tongue; and the
                  | following spells available to memorise: Blink, Shroud of
                  | Golubria, Gell's Gravitas, Lesser Beckoning, Teleport
                  | Other, Ignite Poison, Passage of Golubria
     0 | D:1      | Reached XP level 1. HP: 13/13 MP: 5/5
    54 | D:1      | Slain by a hobgoblin

Levels and vault maps discovered:
D:1:      lightli_arrival_noodles, layout_basic, amethyst_killhole

Action                   || total
-------------------------++-------
 Cast: Flame Tongue      ||     4
Armor: Robe              ||     1
Dodge: Dodged            ||     2

Table legend:
 A = Non-vault XP
 B = Vault XP
 C = Vault XP percentage of total XP
 D = Non-vault monster count
 E = Vault monster count
 F = Vault count percentage of total count
                 A         B        C        D         E       F
            +---------+---------+-------+---------+---------+-------
      Total |       2 |       0 |   0.0 |       1 |       0 |   0.0
            +---------+---------+-------+---------+---------+-------
        D:1 |       2 |       0 |   0.0 |       1 |       0 |   0.0
            +---------+---------+-------+---------+---------+-------
